 Dungeon Crawl Stone Soup version 0.28.0-53-g5a82cb258f (webtiles) character file.

Game seed: 1807036961187454324

2 bronzecobra64 the Ruffian (level 1, -2/22 HPs)
             Began as a Troll Berserker on Sept 26, 2022.
             Was a Follower of Trog.
             Slain by a kobold
             ... wielding a +0 dagger of electrocution
              (16 damage)
             ... on level 1 of the Dungeon.
             The game lasted 00:00:27 (75 turns).

bronzecobra64 the Ruffian (Troll Berserker)           Turns: 75, Time: 00:00:30

Health: -2/22      AC:  4    Str: 24    XL:     1   Next: 33%
Magic:  0/0        EV: 10    Int:  3    God:    Trog [*.....]
Gold:   0          SH:  0    Dex:  9    Spells: 0/0 levels left

rFire   . . .      SeeInvis .     - Unarmed
rCold   . . .      Faith    .   (no shield)
rNeg    . . .      Spirit   .   a - +0 animal skin
rPois   .          Reflect  .   (helmet restricted)
rElec   .          Harm     .   (no cloak)
rCorr   .          Rampage  .   (gloves unavailable)
Will    .....                   (boots unavailable)
Stlth   +.........              (no amulet)
HPRegen 0.87/turn               (no ring)
MPRegen 0.07/turn               (no ring)

@: no status effects
A: large, unfitting armour, claws 3, regeneration 1, shaggy fur 1, tough skin 1
a: Renounce Religion, Berserk


You were on level 1 of the Dungeon.
You worshipped Trog.
Trog was aware of your devotion.
You visited 1 branch of the dungeon, and saw 1 of its levels.

Inventory:

Missiles
 b - 13 stones (quivered)
Armour
 a - a +0 animal skin (worn)
Scrolls
 c - a scroll of identify {unknown}


   Skills:
 + Level 2.4 Fighting
 + Level 2.4 Dodging
 + Level 3.0 Unarmed Combat


You couldn't memorise any spells.
You didn't know any spells.
Your spell library was empty.

Dungeon Overview and Level Annotations

Branches:
Dungeon (1/15)

Altars:


Innate Abilities, Weirdness & Mutations

You are too large for most types of armour.
You have claws for hands.
Your natural rate of healing is unusually fast.
You are covered in fur. (AC +1)
You have tough skin. (AC +1)


Message History

The kobold closely misses you. x2
The endoplasm freezes you.
You are frozen.
The hobgoblin misses you. The kobold hits you but does no damage.
The endoplasm barely misses you.
You see here a rat corpse.
The kobold throws a stone.
The stone hits you but does no damage.
The kobold hits you with a +0 dagger of electrocution.
The endoplasm barely misses you. The rat bites you but does no damage.
You claw the rat!
You kill the rat!
Trog accepts your kill. The kobold hits you but does no damage.
You scratch the endoplasm but do no damage.
The endoplasm hits you but does no damage.
The kobold hits you but does no damage.
You scratch the endoplasm.
The endoplasm is lightly wounded.
The endoplasm freezes you.
You are frozen.
The hobgoblin hits you but does no damage.
You scratch the endoplasm.
You kill the endoplasm!
Trog accepts your kill. The hobgoblin closely misses you.
The kobold hits you but does no damage. The kobold barely misses you.
The hobgoblin closely misses you. The kobold hits you but does no damage.
The kobold closely misses you.
You see here a rat corpse.
You scratch the kobold but do no damage.
The hobgoblin barely misses you. The kobold hits you but does no damage.
The kobold hits you with a +0 short sword.
You claw the kobold!
You kill the kobold!
Trog accepts your kill. The hobgoblin barely misses you.
The kobold hits you with a +0 dagger of electrocution.
You are electrocuted!
Ouch! That really hurt!
You die...

:.... . ..... # #.
.... ########
..####... .......#
......# .##....###
##..######
####.....###....)K..#
# ##.........†.@...#
########....g...# ##
#........# .##
###.###..# .... #.#
#.# .... #.# .# .⌠..
#.# .# ...⌠ #.# ..
#...


You could see a hobgoblin and a kobold.

Vanquished Creatures
  An endoplasm (D:1)
  A kobold (D:1)
  2 rats (D:1)
4 creatures vanquished.

Notes
Turn   | Place    | Note
-------+----------+-------------------------------------------
     0 | D:1      | bronzecobra64 the Troll Berserker began the quest for the
                  | Orb.
     0 | D:1      | Reached XP level 1. HP: 22/22 MP: 0/0
    75 | D:1      | Slain by a kobold

Illustrated notes

Levels and vault maps discovered:
D:1:      dpeg_arrival_leaves_temple_mockup, layout_rooms,
          shapermc_ecumenical_altar_mp_highgroup, minmay_statues_item,
          grunt_decor_cap

Action                   || total
-------------------------++-------
Melee: Unarmed           ||     7
       Punch             ||     1
Armor: Animal skin       ||    11
Dodge: Dodged            ||    13
